 Dungeon Crawl Stone Soup version 0.31-a0-358-gac0dbeb3ab (webtiles) character file.

Game seed: 8583755477411899521

34 javelincjr the Magician (level 3, -5/25 HPs)
             Began as a Demonspawn Hedge Wizard on July 25, 2023.
             Slain by an ice beast (12 damage)
             ... on level 3 of the Dungeon.
             The game lasted 00:05:41 (1720 turns).

javelincjr the Magician (Demonspawn Hedge Wizard)   Turns: 1720, Time: 00:05:41

Health: -5/25      AC:  2    Str: 10    XL:     3   Next: 14%
Magic:  1/7        EV: 12    Int: 17    God:
Gold:   59         SH:  0    Dex: 12    Spells: 3/8 levels left

rFire   . . .        n - +2 Maxwell's thermic engine {flame, freeze, rev}
rCold   . . .        (no shield)
rNeg    . . .        b - +0 robe
rPois   .            c - +0 hat
rElec   .            (no cloak)
rCorr   .            (no gloves)
SInv    .            (no boots)
Will    .....        (no amulet)
Stlth   ++           (no ring)
HPRegen 0.24/turn    (no ring)
MPRegen 0.10/turn

%: no passive effects
@: no status effects
A: ignite blood 1
a: no special abilities


You were on level 3 of the Dungeon.
You visited 1 branch of the dungeon, and saw 3 of its levels.

You collected 59 gold pieces.

Inventory:

Hand Weapons
 a - a +0 dagger
 f - a +0 spear
 j - a +1 dagger of draining
 n - the +2 Maxwell's thermic engine (weapon) {flame, freeze, rev}
   (You found it on level 2 of the Dungeon)
Missiles
 e - 3 boomerangs
 h - 2 throwing nets
 l - 5 curare-tipped darts
Armour
 b - a +0 robe (worn)
 c - a +0 hat (worn)
Scrolls
 g - 2 scrolls of teleportation {unknown}
 o - a scroll of identify {unknown}
Potions
 d - a potion of magic
 i - 3 potions of heal wounds {unknown}
 k - a potion of might {unknown}
 m - a potion of curing {unknown}
 p - a potion of haste {unknown}


   Skills:
 + Level 0.6 Fighting
 + Level 0.0 Long Blades
 + Level 2.0 Dodging
 + Level 2.0 Stealth
 * Level 3.3 Spellcasting
 + Level 1.3 Conjurations
 + Level 1.3 Summonings
 + Level 1.2 Translocations


You had 3 spell levels left.
You knew the following spells:

 Your Spells              Type           Power      Damage    Failure   Level
a - Magic Dart            Conj           28%        1d4       10%         1
b - Call Imp              Summ           14%        N/A       16%         2
c - Blink                 Tloc           12%        N/A       16%         2

Your spell library contained the following spells:

 Spells                   Type           Power      Damage    Failure   Level
 Slow                     Hex            8%         N/A       17%         1
 Cigotuvi's Dreadful Rot  Necr/Pois/Air  4%         N/A       26%         2
 Ensorcelled Hibernation  Hex/Ice        4%         N/A       26%         2
 Passwall                 Tmut/Erth      1%         N/A       26%         2
 Mephitic Cloud           Conj/Pois/Air  4%         N/A       38%         3
 Swiftness                Air            2%         N/A       45%         3


Dungeon Overview and Level Annotations

Branches:
Dungeon (3/15)

Altars:
Cheibriados


Innate Abilities, Weirdness & Mutations

Your demonic aura sometimes causes spilled blood to erupt in flames.


Message History

p - a fuming red potion
i - 3 green potions (gained 1)
g - 2 scrolls labelled GUYSUL TYENA (gained 1)
A ball python comes into view.
Found 4 stones and a beast talisman.
The magic dart hits the ball python.
The ball python is moderately wounded.
You miscast Magic Dart.
You are very lightly contaminated with residual magic.
Nothing appears to happen.
The magic dart hits the ball python.
The ball python is severely wounded.
The ball python bites you but does no damage.
The ball python grabs you. The ball python constricts you.
You closely miss the ball python.
The ball python is severely wounded.
The ball python bites you. The ball python constricts you.
The ball python misses you. The ball python constricts you.
The magic dart hits the ball python.
You kill the ball python!
An ice beast comes into view.
Casting: Magic Dart (safe; 10% risk of failure)
Confirm with . or Enter, or press ? or * to list all spells.
A tiny devil pulls itself out of the air.
The magic dart hits the ice beast.
The ice beast is lightly wounded.
Your cerulean imp barely misses the ice beast.
Your magical contamination has completely faded away.
You completely miss the ice beast.
The ice beast is lightly wounded.
The ice beast hits you. The ice beast freezes you!
Your cerulean imp closely misses the ice beast.
The ice beast hits you. The ice beast freezes you.
Casting: Magic Dart (safe; 10% risk of failure)
Confirm with . or Enter, or press ? or * to list all spells.
You don't have enough magic to cast this spell.
The ice beast attacks as you move away! The ice beast hits you.
* * * LOW HITPOINT WARNING * * *
The ice beast freezes you!
You die...

#.# #.# ◎.. #.# .. #.#
.. #.# .# #####.# ..#
.#.....###########..####
#..............#.Y.....(
.#.###..........@.5.#
.#.###.#######.#.#......
.......<# #...# #####
........# #####
..#####.# . #.# #.# ...
..†


You could see an ice beast (ally target) and a friendly cerulean imp (summoned).

Vanquished Creatures
  4 ball pythons
  2 endoplasms
  2 giant cockroaches (D:2)
  2 goblins
  4 hobgoblins
  A quokka (D:1)
  6 bats
  3 frilled lizards
  6 rats
30 creatures vanquished.

Notes
Turn   | Place    | Note
-------+----------+-------------------------------------------
     0 | D:1      | javelincjr the Demonspawn Hedge Wizard began the quest for
                  | the Orb.
     0 | D:1      | Reached XP level 1. HP: 13/13 MP: 4/4
    75 | D:1      | Found a faded altar of an unknown god.
   331 | D:1      | Reached skill level 1 in Translocations
   432 | D:1      | Gained mutation: Your demonic aura sometimes causes spilled
                  | blood to erupt in flames. [demonic ancestry]
   432 | D:1      | Reached XP level 2. HP: 16/19 MP: 1/6
   435 | D:1      | Learned a level 2 spell: Call Imp
   438 | D:1      | Learned a level 2 spell: Blink
  1125 | D:2      | Found a snail-covered altar of Cheibriados.
  1340 | D:2      | Found the +2 Maxwell's thermic engine {flame, freeze, rev}
  1374 | D:2      | Reached XP level 3. HP: 25/25 MP: 2/7
  1716 | D:3      | Noticed an ice beast
  1720 | D:3      | Slain by an ice beast

Illustrated notes

Levels and vault maps discovered:
D:1:      denvon_arrival_waterhouse, layout_basic,
          shapermc_ecumenical_altar_mp_ritualfount,
          nicolae_twisty_statue_hallways
D:2:      layout_rooms, basic_altar
D:3:      layout_loops_ring, lemuel_zombie_altar_kikubaaqudgha

Skill      XL: |  1  2 |
---------------+-------+-----
Translocations | 1 |  1.2
Stealth        | 2 |  2.0
Dodging        | 2 |  2.0
Fighting       | |  0.6
Spellcasting   | |  3.3
Conjurations   | |  1.3
Summonings     | |  1.3

Action                     || total
---------------------------++-------
  Melee: Spear             ||    12
         Dagger            ||    11
         Double sword      ||     4
   Cast: Magic Dart        ||    59
         Call Imp          ||     2
   Stab: Sleeping          ||     1
 Armour: Robe              ||     5
  Dodge: Dodged            ||    19

Table legend: (Time is in decaauts)
 A = Elapsed time spent in this place.
 B = Non-inter-level travel time spent in this place.
 C = Inter-level travel time spent in this place.
 D = Time resting spent in this place.
 E = Time spent auto-exploring this place.
 F = Levels seen in this place.
 G = Mean time per level.
                   A        B        C        D        E       F      G
               +--------+--------+--------+--------+--------+-----+--------+
         Total |   1722 |   1688 |     34 |      0 |   1473 |   3 |  574.0 |
       Dungeon |   1722 |   1688 |     34 |      0 |   1473 |   3 |  574.0 |
               +--------+--------+--------+--------+--------+-----+--------+

Top non-repeatable levels by time:
     D:1: 947 daAuts
     D:2: 718 daAuts
     D:3: 55 daAuts
